 Seeded DCSS version 0.29.1-15-g9cfb28693d (webtiles) character file.

Game seed: 16245865983455551772 (custom seed)

2 Brigand the Grave Robber (level 1, 10/13 HPs)
             Began as a Demonspawn Necromancer on Mar 29, 2023.
             Quit the game on level 1 of the Dungeon.
             The game lasted 00:00:28 (191 turns).

Brigand the Grave Robber (Demonspawn Necromancer)    Turns: 191, Time: 00:00:28

Health: 10/13      AC:  2    Str:  8    XL:     1   Next: 33%
Magic:  3/3        EV: 12    Int: 16    God:
Gold:   0          SH:  0    Dex: 13    Spells: 3/4 levels left

rFire   . . .      SeeInvis .   c - +0 dagger
rCold   . . .      Faith    .   (no shield)
rNeg    . . .      Spirit   .   a - +0 robe
rPois   .          Reflect  .   (no helmet)
rElec   .          Harm     .   (no cloak)
rCorr   .          Rampage  .   (no gloves)
Will    .....                   (no boots)
Stlth   ++........              (no amulet)
HPRegen 0.04/turn               (no ring)
MPRegen 0.08/turn               (no ring)

@: no status effects
A: no striking features
a: no special abilities


You were on level 1 of the Dungeon.
You visited 1 branch of the dungeon, and saw 1 of its levels.

Inventory:

Hand Weapons
 c - a +0 dagger (weapon)
Armour
 a - a +0 robe (worn)
Jewellery
 d - the ring of Zaucasug {rElec rPois Slay+4}
   (You acquired it on level 1 of the Dungeon)

   [ring of slaying]

   Slay:      It affects your accuracy & damage with ranged weapons and melee
   (+4).
   rElec:     It insulates you from electricity.
   rPois:     It protects you from poison.
 e - the ring of Liraokefu {Fly rF+ rN+ Str+2 Int+6}
   (You acquired it on level 1 of the Dungeon)

   [ring of intelligence]

   Str:       It affects your strength (+2).
   Int:       It affects your intelligence (+6).
   rF:        It protects you from fire.
   rN:        It protects you from negative energy.
   Fly:       It grants you flight.
 f - a ring of wizardry
Potions
 b - a potion of magic


   Skills:
 + Level 1.8 Dodging
 + Level 1.8 Stealth
 + Level 2.0 Spellcasting
 + Level 4.4 Necromancy


You had 3 spell levels left.
You knew the following spells:

 Your Spells              Type           Power      Damage    Failure   Level
a - Necrotise             Necr           60%        1d7       3%          1

Your spell library contained the following spells:

 Spells                   Type           Power      Damage    Failure   Level
 Vampiric Draining        Necr           15%        2d7       10%         3
 Animate Dead             Necr           15%        N/A       32%         4
 Agony                    Necr           15%        N/A       67%         5


Dungeon Overview and Level Annotations

Branches:
Dungeon (1/15) Zot: 5809

Altars:


Message History

You see here a +0 dagger.
c - a +0 dagger The quokka barely misses you.
Your goblin skeleton closely misses the quokka.
Your goblin skeleton closely misses the quokka.
Okay, then.
c - a +0 dagger (weapon)
The quokka bites you.
You hit the quokka.
The quokka is heavily wounded.
The quokka barely misses you.
Your goblin skeleton completely misses the quokka.
You closely miss the quokka.
The quokka is heavily wounded.
The quokka bites you but does no damage.
Your goblin skeleton barely misses the quokka.
You hit the quokka.
The quokka is almost dead.
The quokka bites you.
You hit the quokka.
You kill the quokka!
You see here a quokka corpse.
You start resting.
Your goblin skeleton crumbles into dust!
Magic restored.
You start resting.
Found 3 scrolls labelled WAC GOIFOFITOUPLEC.
You start resting.
An endoplasm comes into view.
You see here 3 scrolls labelled WAC GOIFOFITOUPLEC.
d - 3 scrolls labelled WAC GOIFOFITOUPLEC This is a scroll of acquirement!
Something appears at your feet!
e - the ring of Liraokefu {Fly rF+ rN+ Str+2 Int+6} Something appears at your feet!
f - a ring of wizardry Something appears at your feet!
d - the ring of Zaucasug {rElec rPois Slay+4}
Okay, then.
Are you sure you want to abandon this character and quit the game? (Confirm with "yes".)

###########
#..@......#
#.#######.# #
#.######..##
#.###.##.#.........
...........#..#....
..###.##...#..# . #
#...###J# #...#(#..
#..##.##.#


There were no monsters in sight!

Vanquished Creatures
  A goblin (D:1)
  A quokka (D:1)
2 creatures vanquished.

Notes
Turn   | Place    | Note
-------+----------+-------------------------------------------
     0 | D:1      | Brigand the Demonspawn Necromancer began the quest for the
                  | Orb.
     0 | D:1      | Reached XP level 1. HP: 13/13 MP: 3/3
   183 | D:1      | Identified 3 scrolls of acquirement
   183 | D:1      | Acquired the ring of Liraokefu {Fly rF+ rN+ Str+2 Int+6}
   186 | D:1      | Acquired a ring of wizardry
   189 | D:1      | Acquired the ring of Zaucasug {rElec rPois Slay+4}
   191 | D:1      | Quit the game

Illustrated notes

Levels and vault maps discovered:
D:1:      minmay_arrival_hallway, layout_loops_corners, basic_ecumenical_altar,
          minmay_unequal

Action                   || total
-------------------------++-------
Melee: Dagger            ||     4
       Unarmed           ||     1
 Cast: Necrotise         ||     3
  Use: Scroll            ||     3
Armor: Robe              ||     1
Dodge: Dodged            ||     8
